PCL
LAS VEGAS STARS @ MILE HIGH BRONCOS
08/08/2026
 
TOP OF THE 1ST
Las Vegas Stars batting - Pitching for Mile High Broncos : RHP Ronald Cotton
Pitching: RHP Ronald Cotton
Batting: RHB Douglas Davis 0-0: Called Strike
0-1: Ball
1-1: Swinging Strike
1-2: Strikes out swinging
Batting: LHB Bryan Foster 0-0: Called Strike
0-1: Ball
1-1: Ball
2-1: Foul Ball, location: 2F
2-2: Strikes out swinging
Batting: RHB Kyle Bacon 0-0: Called Strike
0-1: Ball
1-1: Ball
2-1: Ball
3-1: Foul Ball, location: 2F
3-2: Strikes out swinging
Top of the 1st over - 0 run(s), 0 hit(s), 0 error(s), 0 left on base; Las Vegas 0 - Mile High 0
BOTTOM OF THE 1ST
Mile High Broncos batting - Pitching for Las Vegas Stars : RHP Dema Mitenkov
Pitching: RHP Dema Mitenkov
Batting: SHB Tom Stevens 0-0: Ball
1-0: Ball
2-0: Swinging Strike
2-1: Ball
3-1: Base on Balls
Batting: SHB Paco Martínez 0-0: Foul Ball, location: 2F
0-1: Fly out, F8 (Flyball, 8LM)
Batting: LHB Tony Báez 0-0: Ball
1-0: Ball
2-0: Ball
3-0: Base on Balls
Tom Stevens to second
Batting: RHB António Martínez 0-0: Ball
1-0: Ball
2-0: Ball
Wild Pitch!
Tom Stevens to third
Tony Báez to second
3-0: Called Strike
3-1: Foul Ball, location: 2F
3-2: Ground out 4-3 (Groundball, 4)
Tom Stevens scores
Tony Báez to third
Batting: RHB David Moran 0-0: Called Strike
0-1: Foul Ball, location: 2F
0-2: Ball
1-2: Ball
2-2: Ball
3-2: Strikes out swinging
Bottom of the 1st over - 1 run(s), 0 hit(s), 0 error(s), 1 left on base; Las Vegas 0 - Mile High 1
TOP OF THE 2ND
Las Vegas Stars batting - Pitching for Mile High Broncos : RHP Ronald Cotton
Batting: LHB Diego Torres 0-0: Ball
1-0: Ball
2-0: Ball
3-0: Foul Ball, location: 2F
3-1: Swinging Strike
3-2: Foul Ball, location: 2F
3-2: Strikes out swinging
Batting: RHB Reginaldo Jaconelli 0-0: Called Strike
0-1: Ball
1-1: Called Strike
1-2: Ball
2-2: Ground out 4-3 (Groundball, 4M)
Batting: LHB Fernando De La Cruz 0-0: Called Strike
0-1: Foul Ball, location: 2F
0-2: Ball
1-2: SINGLE (Line Drive, 89S)
Batting: RHB William Richardson 0-0: Called Strike
0-1: Ball
1-1: Foul Ball, location: 2F
1-2: Ball
2-2: Foul Ball, location: 2F
2-2: Ball
3-2: Fly out, F9 (Flyball, 89M)
Top of the 2nd over - 0 run(s), 1 hit(s), 0 error(s), 1 left on base; Las Vegas 0 - Mile High 1
BOTTOM OF THE 2ND
Mile High Broncos batting - Pitching for Las Vegas Stars : RHP Dema Mitenkov
Batting: RHB Bo Vickers 0-0: Ground out 5-3 (Groundball, 56S)
Batting: RHB José Darias 0-0: Foul Ball, location: 2F
0-1: SINGLE (Line Drive, 7LM)
Batting: LHB Pat Weaver 0-0: Swinging Strike
0-1: Ball
1-1: Ball
2-1: Called Strike
2-2: Ball
3-2: SINGLE (Line Drive, 9S)
José Darias to second
Batting: RHB Francisco Medina 0-0: Ball
1-0: Called Strike
1-1: Grounds into double play, 6-4-3 (Groundball, 6M)
Bottom of the 2nd over - 0 run(s), 2 hit(s), 0 error(s), 1 left on base; Las Vegas 0 - Mile High 1
TOP OF THE 3RD
Las Vegas Stars batting - Pitching for Mile High Broncos : RHP Ronald Cotton
Batting: SHB Esteban Silva 0-0: Ball
1-0: SOLO HOME RUN (Flyball, 9LD), Distance : 372 ft
Batting: RHB Ryan Campbell 0-0: Ball
1-0: Swinging Strike
1-1: Foul Ball, location: 2F
1-2: Ball
2-2: Ball
3-2: Ground out 6-3 (Groundball, 6)
Batting: RHB Douglas Davis 0-0: Ball
1-0: Called Strike
1-1: Swinging Strike
1-2: Fly out, F3 (Popup, 3SF)
Batting: LHB Bryan Foster 0-0: Ball
1-0: Ball
2-0: Ball
3-0: Base on Balls
Batting: RHB Kyle Bacon 0-0: Called Strike
0-1: Swinging Strike
0-2: Ball
1-2: Ball
2-2: Fly out, F8 (Popup, 6MD)
Top of the 3rd over - 1 run(s), 1 hit(s), 0 error(s), 1 left on base; Las Vegas 1 - Mile High 1
BOTTOM OF THE 3RD
Mile High Broncos batting - Pitching for Las Vegas Stars : RHP Dema Mitenkov
Batting: SHB Tom Stevens 0-0: Ball
1-0: Swinging Strike
1-1: Ball
2-1: Swinging Strike
2-2: Ball
3-2: Base on Balls
Batting: SHB Paco Martínez 0-0: Ball
1-0: Called Strike
1-1: Swinging Strike
1-2: Strikes out looking
Batting: LHB Tony Báez 0-0: Fly out, F4 (Popup, 34D)
Batting: RHB António Martínez 0-0: Called Strike
0-1: Ball
1-1: Ball
Wild Pitch!
Tom Stevens to second
2-1: SINGLE (Groundball, 34D)
Tom Stevens to third
Runner from 3rd tries for Home, SAFE, no throw or cutoff
Batting: RHB David Moran 0-0: SINGLE (Groundball, 56S)
António Martínez to second
Batting: RHB Bo Vickers 0-0: Ground out 1-3 (Groundball, 13S)
Bottom of the 3rd over - 1 run(s), 2 hit(s), 0 error(s), 2 left on base; Las Vegas 1 - Mile High 2
TOP OF THE 4TH
Las Vegas Stars batting - Pitching for Mile High Broncos : RHP Ronald Cotton
Batting: LHB Diego Torres 0-0: Called Strike
0-1: Called Strike
0-2: Ball
1-2: Strikes out swinging
Batting: RHB Reginaldo Jaconelli 0-0: Ball
1-0: Ball
2-0: Foul Ball, location: 2F
2-1: Swinging Strike
2-2: Ball
3-2: Base on Balls
Batting: LHB Fernando De La Cruz 0-0: Swinging Strike
0-1: Ball
1-1: Swinging Strike
1-2: Ball
2-2: SINGLE (Line Drive, 8RS)
Reginaldo Jaconelli to second
Batting: RHB William Richardson 0-0: Ball
1-0: Ground out 4-3 (Groundball, 4M)
Reginaldo Jaconelli to third
Fernando De La Cruz to second
Batting: SHB Esteban Silva 0-0: Ball
1-0: Ball
2-0: Ball
3-0: Called Strike
3-1: Base on Balls
Batting: RHB Ryan Campbell 0-0: Ball
1-0: SINGLE (Groundball, 56D)
Reginaldo Jaconelli scores
Fernando De La Cruz to third
Esteban Silva to second
Runner from 3rd tries for Home, SAFE, throw made at trailing runner, OUT at third!
Top of the 4th over - 2 run(s), 2 hit(s), 0 error(s), 1 left on base; Las Vegas 3 - Mile High 2
BOTTOM OF THE 4TH
Mile High Broncos batting - Pitching for Las Vegas Stars : RHP Dema Mitenkov
Batting: RHB José Darias 0-0: Called Strike
0-1: Foul Ball, location: 2F
0-2: Ball
1-2: Foul Ball, location: 2F
1-2: Ground out U3 (Groundball, 3)
Batting: LHB Pat Weaver 0-0: Called Strike
0-1: Ball
1-1: Ball
2-1: SINGLE (Line Drive, 6D)
Batting: RHB Francisco Medina 0-0: Swinging Strike
0-1: Grounds into double play, 4-6-3 (Groundball, 4)
Bottom of the 4th over - 0 run(s), 1 hit(s), 0 error(s), 0 left on base; Las Vegas 3 - Mile High 2
TOP OF THE 5TH
Las Vegas Stars batting - Pitching for Mile High Broncos : RHP Ronald Cotton
Batting: RHB Douglas Davis 0-0: Ball
1-0: Called Strike
1-1: Ground out 5-3 (Groundball, 15S)
Batting: LHB Bryan Foster 0-0: Ball
1-0: Ball
2-0: Ball
3-0: Called Strike
3-1: Foul Ball, location: 2F
3-2: Strikes out swinging
Batting: RHB Kyle Bacon 0-0: Ball
1-0: Ball
2-0: Ball
3-0: Base on Balls
Batting: LHB Diego Torres 0-0: Swinging Strike
0-1: Ground out 4-3 (Groundball, 4)
Top of the 5th over - 0 run(s), 0 hit(s), 0 error(s), 1 left on base; Las Vegas 3 - Mile High 2
BOTTOM OF THE 5TH
Mile High Broncos batting - Pitching for Las Vegas Stars : RHP Dema Mitenkov
Batting: SHB Tom Stevens 0-0: Ball
1-0: Foul Ball, location: 2F
1-1: Foul Ball, location: 2F
1-2: Fly out, F8 (Flyball, 89D)
Batting: SHB Paco Martínez 0-0: Called Strike
0-1: Ball
1-1: Fly out, F8 (Flyball, 8LM)
Batting: LHB Tony Báez 0-0: Called Strike
0-1: SINGLE (Groundball, 34)
Batting: RHB António Martínez 0-0: Called Strike
0-1: Ball
1-1: Foul Ball, location: 2F
1-2: Ball
2-2: Strikes out swinging
Bottom of the 5th over - 0 run(s), 1 hit(s), 0 error(s), 1 left on base; Las Vegas 3 - Mile High 2
TOP OF THE 6TH
Las Vegas Stars batting - Pitching for Mile High Broncos : RHP Ronald Cotton
Batting: RHB Reginaldo Jaconelli 0-0: Ball
1-0: Swinging Strike
1-1: Called Strike
1-2: SINGLE (Line Drive, 7S)
Pitching: RHP Hokusai Nakashima
Batting: LHB Fernando De La Cruz 0-0: Ball
1-0: Ball
2-0: Ball
3-0: Base on Balls
Reginaldo Jaconelli to second
Batting: RHB William Richardson 0-0: Ball
1-0: Foul Ball, location: 2F
1-1: Foul Ball, location: 2F
1-2: Ball
2-2: Ball
3-2: Grounds into double play, 6-4-3 (Groundball, 6)
Reginaldo Jaconelli to third
Batting: SHB Esteban Silva 0-0: Ground out 4-3 (Groundball, 4M)
Top of the 6th over - 0 run(s), 1 hit(s), 0 error(s), 1 left on base; Las Vegas 3 - Mile High 2
BOTTOM OF THE 6TH
Mile High Broncos batting - Pitching for Las Vegas Stars : RHP Dema Mitenkov
Batting: RHB David Moran 0-0: Called Strike
0-1: Called Strike
0-2: Ball
1-2: Fly out, F8 (Flyball, 8RS)
Batting: RHB Bo Vickers 0-0: Ball
1-0: Ball
2-0: Ball
3-0: Base on Balls
Batting: RHB José Darias 0-0: Ball
1-0: Called Strike
1-1: Grounds into double play, 4-6-3 (Groundball, 4)
Bottom of the 6th over - 0 run(s), 0 hit(s), 0 error(s), 0 left on base; Las Vegas 3 - Mile High 2
TOP OF THE 7TH
Las Vegas Stars batting - Pitching for Mile High Broncos : RHP Hokusai Nakashima
Batting: RHB Ryan Campbell 0-0: Ball
1-0: Called Strike
1-1: Foul Ball, location: 2F
1-2: Ground out 5-3 (Groundball, 56)
Batting: RHB Douglas Davis 0-0: Called Strike
0-1: Called Strike
0-2: Ball
1-2: Ground out 4-3 (Groundball, 4M)
Batting: LHB Bryan Foster 0-0: Ball
1-0: Called Strike
1-1: Foul Ball, location: 2F
1-2: Strikes out swinging
Top of the 7th over - 0 run(s), 0 hit(s), 0 error(s), 0 left on base; Las Vegas 3 - Mile High 2
BOTTOM OF THE 7TH
Mile High Broncos batting - Pitching for Las Vegas Stars : RHP Dema Mitenkov
Batting: LHB Pat Weaver 0-0: Ground out 5-3 (Groundball, 5)
Batting: RHB Francisco Medina 0-0: Ball
1-0: Swinging Strike
1-1: Swinging Strike
1-2: Foul Ball, location: 2F
1-2: Strikes out swinging
Batting: SHB Tom Stevens 0-0: Ball
1-0: Ball
2-0: Ball
3-0: Base on Balls
Pinch Hitting: RHB Luis Alou 0-0: Ball
1-0: SINGLE (Groundball, 56D)
Tom Stevens to second
Pitching: RHP Mike Drader
Batting: LHB Tony Báez 0-0: Foul Ball, location: 2F
0-1: Called Strike
0-2: Foul Ball, location: 2F
0-2: Ball
1-2: Strikes out looking
Bottom of the 7th over - 0 run(s), 1 hit(s), 0 error(s), 2 left on base; Las Vegas 3 - Mile High 2
TOP OF THE 8TH
Las Vegas Stars batting - Pitching for Mile High Broncos : RHP Hokusai Nakashima
Pitching: LHP Jorge García
Now at SS: Luis Alvarado
Batting: RHB Kyle Bacon 0-0: Ball
1-0: Foul Ball, location: 2F
1-1: Called Strike
1-2: Foul Ball, location: 2F
1-2: Ball
2-2: Strikes out swinging
Batting: LHB Diego Torres 0-0: Ball
1-0: Fly out, F2 (Popup, 2LF)
Batting: RHB Reginaldo Jaconelli 0-0: Ball
1-0: Foul Ball, location: 2F
1-1: Ball
2-1: Ground out 5-3 (Groundball, 56S)
Top of the 8th over - 0 run(s), 0 hit(s), 0 error(s), 0 left on base; Las Vegas 3 - Mile High 2
BOTTOM OF THE 8TH
Mile High Broncos batting - Pitching for Las Vegas Stars : RHP Mike Drader
Pitching: RHP Flint Gray
Batting: RHB António Martínez 0-0: Ball
1-0: Ball
2-0: Ball
3-0: Called Strike
3-1: Base on Balls
Batting: RHB David Moran 0-0: Ball
1-0: Ball
2-0: Grounds into double play, 6-4-3 (Groundball, 6)
Batting: RHB Bo Vickers 0-0: Ball
1-0: Ball
2-0: Ball
3-0: Ground out 6-3 (Groundball, 56)
Bottom of the 8th over - 0 run(s), 0 hit(s), 0 error(s), 0 left on base; Las Vegas 3 - Mile High 2
TOP OF THE 9TH
Las Vegas Stars batting - Pitching for Mile High Broncos : LHP Jorge García
Pitching: RHP Tony Marrero
Batting: LHB Fernando De La Cruz 0-0: Foul Ball, location: 2F
0-1: Swinging Strike
0-2: Ground out 4-3 (Groundball, 4)
Batting: RHB William Richardson 0-0: Ball
1-0: Ball
2-0: Foul Ball, location: 2F
2-1: Ground out U3 (Groundball, 3S)
Batting: SHB Esteban Silva 0-0: Ball
1-0: Called Strike
1-1: Foul Ball, location: 2F
1-2: SOLO HOME RUN (Flyball, 9D), Distance : 383 ft
Batting: RHB Ryan Campbell 0-0: Called Strike
0-1: Ball
1-1: Swinging Strike
1-2: Fly out, F5 (Popup, 56)
Top of the 9th over - 1 run(s), 1 hit(s), 0 error(s), 0 left on base; Las Vegas 4 - Mile High 2
BOTTOM OF THE 9TH
Mile High Broncos batting - Pitching for Las Vegas Stars : RHP Flint Gray
Pitching: RHP Armando López
Batting: RHB José Darias 0-0: Ball
1-0: Ball
2-0: Called Strike
2-1: Swinging Strike
2-2: Strikes out swinging
Batting: LHB Pat Weaver 0-0: Ball
1-0: Ball
2-0: Ball
3-0: Called Strike
3-1: Foul Ball, location: 2F
3-2: Fly out, F7 (Line Drive, 7LM)
Batting: RHB Francisco Medina 0-0: Called Strike
0-1: Ball
1-1: Ball
2-1: Foul Ball, location: 2F
2-2: Ball
3-2: Foul Ball, location: 2F
3-2: Strikes out swinging
Bottom of the 9th over - 0 run(s), 0 hit(s), 0 error(s), 0 left on base; Las Vegas 4 - Mile High 2
Monday, December 5th, 2016 - OOTP Baseball 17.12 Build 75